[Event "Fall Chess Classic-B 2019"]
[Site "Saint Louis"]
[Date "2019.09.10"]
[Round "1.1"]
[White "Grigoryan, Avetik"]
[Black "Zierk, Steven"]
[Result "0-1"]
[ECO "A05"]
[WhiteElo "2568"]
[BlackElo "2517"]
[Annotator "RC"]
[PlyCount "96"]
[EventDate "2019.09.10"]
[EventType "tourn"]
[EventCountry "USA"]
[SourceTitle "playchess.com"]
[Source "ChessBase"]
[SourceQuality "1"]
[TimeControl "40/5400+30:1800+30"]

1. Nf3 Nf6 2. g3 b6 3. Bg2 Bb7 4. O-O g6 5. d4 Bg7 6. c4 O-O 7. d5 e6 8. Nc3 exd5 9. cxd5 Re8 10. Bf4 Na6 11. Rc1 c6 12. a3 Nxd5 13. Nxd5 cxd5 14. b4 d6 15. Qd2 Nc7 16. Rfd1 Ne6 17. Bh6 Bf6 18. Be3 Rc8 19. Rxc8 Qxc8 20. h4 Qd7 21. Qd3 Rc8 22. Bd4 Nxd4 23. Nxd4 Qa4 24. h5 Rc3 25. Qd2 Rxa3 26. Kh2 Ra2 27. Qf4 Be5 28. Qh4 Qe8 29. Bf3 Rb2 30. b5 Rb4 31. e3 Rb2 32. Kg2 Bg7 33. Rc1 Qxe3 34. Rc2 Rxc2 35. Qd8+ Bf8 36. Nxc2 Qc5 37. hxg6 hxg6 38. Nd4 Qc8 39. Qg5 a6 40. Nc6 axb5 41. Nd8 Ba8 42. Bg4 d4+ 43. Kh2 Qc7 44. Be6 fxe6 45. Qxg6+ Qg7 46. Qxe6+ Kh7 47. Qf5+ Qg6 48. Qxf8 Qh5+ 0-1

[Event "Fall Chess Classic-B 2019"]
[Site "Saint Louis"]
[Date "2019.09.15"]
[Round "6.2"]
[White "Fier, Alexandr"]
[Black "Mikhalevski, Victor"]
[Result "1-0"]
[ECO "C36"]
[WhiteElo "2549"]
[BlackElo "2578"]
[Annotator "RC"]
[PlyCount "79"]
[EventDate "2019.09.10"]
[EventType "tourn"]
[EventCountry "USA"]
[SourceTitle "playchess.com"]
[Source "ChessBase"]
[SourceQuality "1"]
[TimeControl "40/5400+30:1800+30"]

1. e4 e5 2. f4 d5 3. exd5 exf4 4. Nf3 Nf6 5. Bc4 Nxd5 6. O-O Be6 7. Bb3 Bd6 8. c4 Nb6 9. d4 Nxc4 10. Re1 Ne3 11. Bxe3 fxe3 12. Bxe6 fxe6 13. Qb3 O-O 14. Qxb7 Nd7 15. Qe4 Rb8 16. Na3 Nf6 17. Qxe6+ Kh8 18. Nc4 Bf4 19. g3 Re8 20. Qc6 Bh6 21. Re2 Qd5 22. Nce5 Qxc6 23. Nxc6 Rb6 24. Rc1 Kg8 25. Nfe5 a6 26. b4 Nd5 27. a3 g6 28. Nd7 Bg7 29. Nxb6 cxb6 30. Kf1 Kf7 31. Ree1 Ke6 32. Ke2 h5 33. Kd3 Ra8 34. Ke4 Rf8 35. Ne5 Nf6+ 36. Kd3 Rd8 37. Rxe3 Kd5 38. Nc6 Ng4 39. Nxd8 Nxe3 40. Rc7 1-0

[Event "Fall Chess Classic-B 2019"]
[Site "Saint Louis"]
[Date "2019.09.15"]
[Round "6.5"]
[White "Shtembuliak, Evgeny"]
[Black "Hakobyan, Aram"]
[Result "0-1"]
[ECO "A40"]
[WhiteElo "2548"]
[BlackElo "2550"]
[Annotator "ChessBase"]
[PlyCount "70"]
[EventDate "2019.09.10"]
[EventType "tourn"]
[EventCountry "USA"]
[SourceTitle "playchess.com"]
[Source "ChessBase"]
[SourceQuality "1"]
[TimeControl "40/5400+30:1800+30"]

1. d4 Nf6 2. c4 e6 3. g3 c5 4. d5 exd5 5. cxd5 d6 6. Bg2 b5 7. a4 b4 8. b3 g6 9. Bb2 Bg7 10. Nd2 Ba6 11. Qc2 Nbd7 12. a5 O-O 13. Nc4 Qe7 14. e3 Ng4 15. Bxg7 Kxg7 16. Nf3 Nde5 17. Nfxe5 Nxe5 18. O-O Qf6 19. Rfe1 Bxc4 20. bxc4 b3 21. Qe2 Rab8 22. f4 Nxc4 23. Qxc4 Rb4 24. Qe2 c4 25. e4 Qd4+ 26. Kf1 c3 27. Rad1 Qc4 28. e5 c2 29. Rc1 Rc8 30. exd6 b2 31. Rxc2 Qxc2 32. Qe5+ Kg8 33. d7 Rf8 34. Qe8 b1=Q 35. d8=Q Qxe1+ 0-1

[Event "Fall Chess Classic-B 2019"]
[Site "Saint Louis"]
[Date "2019.09.17"]
[Round "8.4"]
[White "Shtembuliak, Evgeny"]
[Black "Kadric, Denis"]
[Result "0-1"]
[ECO "E62"]
[WhiteElo "2548"]
[BlackElo "2558"]
[Annotator "RC"]
[PlyCount "108"]
[EventDate "2019.09.10"]
[EventType "tourn"]
[EventCountry "USA"]
[SourceTitle "playchess.com"]
[Source "ChessBase"]
[SourceQuality "1"]
[TimeControl "40/5400+30:1800+30"]

1. d4 d6 2. Nf3 Nf6 3. c4 g6 4. g3 Bg7 5. Bg2 c6 6. O-O O-O 7. Nc3 Bf5 8. Ng5 e5 9. d5 Qc7 10. dxc6 bxc6 11. b4 h6 12. Nge4 Nxe4 13. Nxe4 Rd8 14. Nc3 Be6 15. Qb3 f5 16. b5 e4 17. Bb2 Qf7 18. Qa4 Nd7 19. bxc6 Nb6 20. Qc2 Nxc4 21. Rac1 Rac8 22. Ba1 Rxc6 23. Nb5 Bxa1 24. Rxa1 Rc5 25. Nd4 Ne3 26. Qd2 Nxf1 27. Bxf1 Kh7 28. e3 Bc4 29. Bxc4 Qxc4 30. Rb1 Rd7 31. Kg2 Qd5 32. Rb8 Rb7 33. Rd8 h5 34. a4 Rcc7 35. Qe2 Rb1 36. Nb5 Rc6 37. Rd7+ Kh6 38. Nd4 Rcb6 39. Rxa7 R1b2 40. Qe1 Qa2 41. a5 R6b4 42. a6 f4 43. gxf4 Rxd4 44. exd4 Re2 45. Qg1 Qd2 46. Rf7 Qd3 47. a7 Ra2 48. Qf1 Qf3+ 49. Kg1 e3 50. fxe3 Qxe3+ 51. Kh1 Qe4+ 52. Kg1 Qxd4+ 53. Kh1 Qd5+ 54. Kg1 Qxf7 0-1

[Event "Fall Chess Classic-B 2019"]
[Site "Saint Louis"]
[Date "2019.09.18"]
[Round "9.1"]
[White "Quesada Perez, Yasser"]
[Black "Zierk, Steven"]
[Result "1-0"]
[ECO "C15"]
[WhiteElo "2572"]
[BlackElo "2517"]
[Annotator "ChessBase"]
[PlyCount "77"]
[EventDate "2019.09.10"]
[EventType "tourn"]
[EventCountry "USA"]
[SourceTitle "playchess.com"]
[Source "ChessBase"]
[SourceQuality "1"]
[TimeControl "40/5400+30:1800+30"]

1. e4 e6 2. d4 d5 3. Nc3 Bb4 4. Nge2 dxe4 5. a3 Bxc3+ 6. Nxc3 Nc6 7. Bf4 Nf6 8. Bb5 Nd5 9. Bxc6+ bxc6 10. Qd2 Nxf4 11. Qxf4 Qxd4 12. Qxc7 O-O 13. Rd1 Qb6 14. Qxb6 axb6 15. Rd6 Bb7 16. Ke2 f5 17. Rhd1 e5 18. Rd7 Rf7 19. Rxf7 Ba6+ 20. Ke1 Kxf7 21. Rd7+ Kf8 22. b3 Bc8 23. Rc7 Be6 24. Rxc6 Bd7 25. Rc7 Be8 26. a4 Rd8 27. b4 f4 28. a5 bxa5 29. bxa5 Ra8 30. Rc5 e3 31. fxe3 fxe3 32. Nd5 Rb8 33. Nxe3 Rb5 34. Rxb5 Bxb5 35. c4 Ba6 36. Nd5 Bxc4 37. Nc7 Bd3 38. a6 Be4 39. Kf2 1-0